 Dungeon Crawl Stone Soup version 0.26.1-2-gb8aa6d0cf2 (webtiles) character file.

Game seed: 11311529139654455170

40 harryhousin the Shield-Bearer (level 3, -4/30 HPs)
             Began as a Demigod Fighter on Feb 27, 2021.
             Slain by a gnoll
             ... wielding a +4 halberd
              (11 damage)
             ... on level 2 of the Dungeon.
             The game lasted 00:04:20 (1093 turns).

harryhousin the Shield-Bearer (Demigod Fighter)     Turns: 1093, Time: 00:04:21

Health: -4/30      AC:  6    Str: 21    XL:     3   Next: 14%
Magic:  0/5        EV:  7    Int: 12    God:
Gold:   40         SH:  9    Dex: 15    Spells: 2/2 levels left

rFire    . . .     SeeInvis .   a - +0 war axe
rCold    . . .     Faith    .   c - +0 kite shield
rNeg     . . .     Spirit   +   b - +0 scale mail
rPois    .         Reflect  .   (no helmet)
rElec    .         Harm     .   (no cloak)
rCorr    .         Rampage  .   (no gloves)
Will     .....                  (no boots)
Stlth    ..........             p - amulet of guardian spirit
HPRegen  0.10/turn              (no ring)
MPRegen  0.09/turn              (no ring)

@: lethally poisoned (-4 -> -7)
A: high mp 1
a: no special abilities


You were on level 2 of the Dungeon.
You visited 1 branch of the dungeon, and saw 2 of its levels.

You collected 40 gold pieces.

Inventory:

Hand Weapons
 a - a +0 war axe (weapon)
Armour
 b - a +0 scale mail (worn)
 c - a +0 kite shield (worn)
Jewellery
 l - an uncursed amulet of magic regeneration
 p - an amulet of guardian spirit (around neck)
Scrolls
 e - a scroll of enchant weapon {unknown}
 g - 3 scrolls of identify {unknown}
 j - a scroll of blinking {unknown}
 k - a scroll of immolation {unknown}
 m - a scroll of magic mapping {unknown}
Potions
 d - a potion of might
 f - a potion of invisibility {unknown}
 h - a potion of haste {unknown}
 i - a potion of curing {unknown}
 n - a potion of flight {unknown}
 o - a potion of lignification {unknown}
 q - a potion of ambrosia {unknown}


   Skills:
 - Level 2.8 Fighting
 + Level 2.5 Axes
 - Level 2.8 Armour
 + Level 3.3 Shields


You had 2 spell levels left.
You didn't know any spells.
Your spell library contained the following spells:

 Spells                   Type           Power        Failure   Level
 Animate Skeleton         Necr           0%           99%         1
 Apportation              Tloc           0%           99%         1
 Corona                   Hex            0%           99%         1
 Summon Small Mammal      Summ           0%           99%         1


Dungeon Overview and Level Annotations

Branches:
Dungeon (2/15)


Innate Abilities, Weirdness & Mutations

You have an increased reservoir of magic. (+10% MP)


Message History

The gnoll hits you from afar with a +0 spear!
You miss the adder. The adder bites you but does no damage.
The gnoll barely misses you. The adder bites you.
You are poisoned.
The adder poisons you! You block the gnoll's attack.
The gnoll closely misses you.
The gnoll hits you from afar with a +0 spear.
The adder barely misses you.
You are too injured to fight recklessly!
You are too injured to fight recklessly!
You closely miss the adder.
You feel sick. The gnoll hits you but does no damage.
You block the gnoll's attack. The adder barely misses you.
The gnoll hits you from afar with a +0 spear.
* * * LOW HITPOINT WARNING * * *
The gnoll hits you from afar with a +0 spear.
* * * LOW HITPOINT WARNING * * *
You block the adder's attack.
The gnoll hits you from afar with a +4 halberd!
You die...

.... .... ..... .#
#.....
##.##+##......
###..#...gg.....
###....+...Sg.....
.....##..@.#
#.#.##....#
#.........#
###.###+#.# #..#
.#...
#########.##.##..!.
#.......)....#
....#
#........#.#.#
.....
#........#.#.# ...#


You could see 3 gnolls and an adder.

Vanquished Creatures
  A gnoll (D:2)
  2 giant cockroaches
  3 goblins
  5 hobgoblins
  3 jackals (D:2)
  2 kobolds (D:1)
  6 bats (D:1)
  2 frilled lizards (D:2)
  3 rats (D:1)
27 creatures vanquished.

Notes
Turn   | Place    | Note
-------+----------+-------------------------------------------
     0 | D:1      | harryhousin the Demigod Fighter began the quest for the
                  | Orb.
     0 | D:1      | Reached XP level 1. HP: 18/18 MP: 3/3
   344 | D:1      | Found a snail-covered altar of Cheibriados.
   550 | D:1      | Reached XP level 2. HP: 24/25 MP: 4/4
   630 | D:1      | Reached skill level 3 in Shields
  1091 | D:2      | Reached XP level 3. HP: 27/30 MP: 5/5
  1093 | D:2      | Slain by a gnoll

Illustrated notes

Levels and vault maps discovered:
D:1:      evilmike_arrival_crescent, layout_loops_cross, cheibriados_altar_1
D:2:      layout_basic, nzn_wu_jian_contemplation, minmay_tripent

Skill      XL: |  1  2 |
---------------+-------+-----
Axes           | 2 |  2.5
Shields        | 3 |  3.3
Fighting       | |  2.8
Armour         | |  2.8

Action                   || total
-------------------------++-------
Melee: War axe           ||    79
Armor: Scale mail        ||    57
Dodge: Dodged            ||    37
Block: Kite shield       ||    60
